 Dungeon Crawl Stone Soup version 0.29-a0-251-g80730f7218 (webtiles) character file.

Game seed: 6811095612306076479

148 pokeman the Magician (level 5, 0/29 HPs)
             Began as a Deep Elf Hedge Wizard on Mar 5, 2022.
             Slain by a hound (2 damage)
             ... on level 4 of the Dungeon.
             The game lasted 00:03:18 (1840 turns).

pokeman the Magician (Deep Elf Hedge Wizard)        Turns: 1840, Time: 00:03:19

Health: 0/29       AC:  3    Str:  7    XL:     5   Next: 8%
Magic:  1/15       EV: 12    Int: 21    God:
Gold:   21         SH:  0    Dex: 14    Spells: 5/16 levels left

rFire   . . .      SeeInvis .   d - +1 dagger (elec)
rCold   . . .      Faith    .   (no shield)
rNeg    . . .      Spirit   .   h - +0 leather armour
rPois   .          Reflect  .   c - +0 hat
rElec   .          Harm     .   (no cloak)
rCorr   .          Rampage  .   (no gloves)
Will    .....                   (no boots)
Stlth   ++........              (no amulet)
HPRegen 0.09/turn               (no ring)
MPRegen 0.14/turn               (no ring)

@: no status effects
A: no striking features
a: no special abilities


You were on level 4 of the Dungeon.
You visited 1 branch of the dungeon, and saw 3 of its levels.

You collected 21 gold pieces.

Inventory:

Hand Weapons
 d - a +1 dagger of electrocution (weapon)
Armour
 c - a +0 hat (worn)
 h - a +0 leather armour (worn)
Scrolls
 a - 3 scrolls of identify {unknown}
 f - a scroll of torment {unknown}
 g - a scroll of noise {unknown}
Potions
 b - a potion of ambrosia {unknown}
 e - 2 potions of magic {unknown}


   Skills:
 - Level 1.0 Fighting
 - Level 1.0 Armour
 - Level 3.0 Dodging
 + Level 2.4 Stealth
 * Level 6.1 Spellcasting
 + Level 2.5 Conjurations
 - Level 1.1 Summonings
 - Level 1.1 Translocations
 - Level 1.2 Fire Magic
 + Level 0.0 Air Magic


You had 5 spell levels left.
You knew the following spells:

 Your Spells              Type           Power      Damage    Failure   Level
a - Magic Dart            Conj           68%        1d6       4%          1
b - Mephitic Cloud        Conj/Pois/Air  9%         N/A       30%         3
c - Call Imp              Summ           11%        N/A       14%         2
d - Blink                 Tloc           22%        N/A       14%         2
e - Conjure Flame         Conj/Fire      14%        6-21      19%         3

Your spell library contained the following spells:

 Spells                   Type           Power      Damage    Failure   Level
 Slow                     Hex            24%        N/A       14%         1
 Stone Arrow              Conj/Erth      22%        3d8       26%         3
 Animate Armour           Summ/Erth      16%        N/A       75%         4
 Lehudib's Crystal Spear  Conj/Erth      5%         10d3      100%        8


Dungeon Overview and Level Annotations

Branches:
Dungeon (2/15)

Altars:


Message History

You barely miss the jackal.
The jackal is moderately wounded.
The jackal closely misses you.
You hit the jackal.
The jackal is heavily wounded.
The jackal closely misses you.
You barely miss the jackal.
The jackal is heavily wounded.
The jackal closely misses you.
The jackal bites you but does no damage.
You closely miss the jackal.
The jackal is heavily wounded.
The jackal bites you.
* * * LOW HITPOINT WARNING * * *
Casting: Conjure Flame (quite dangerous; 19% risk of failure)
Confirm with . or Enter, or press ? or * to list all spells.
A beastly little devil appears in a puff of flame.
The jackal barks!
The jackal barely misses you. x2
You hit the jackal.
The jackal is almost dead.
The jackal bites you.
* * * LOW HITPOINT WARNING * * *
A hound comes into view.
Your crimson imp blinks!
Unknown command.
An endoplasm comes into view.
Found a spear, 17 stones and a scroll labelled LIUMOCICARU.
A phantom comes into view.
The hound bites you.
* * * LOW HITPOINT WARNING * * *
Unknown command.
You swap places.
Your crimson imp barely misses the jackal.
The jackal barely misses your crimson imp. x2
Your crimson imp hits the jackal.
The jackal dies!
The jackal closely misses your crimson imp.
The hound bites you.
You die...

#.... .?. #....
... +.... .(..
#.... .J... ##
#....#######....
.. #..W.......#
#.####......†.#
###.......@h.5h.#
......#.#######.#
....... #.#####$#
?......##.h.h...#
........#.#######
......#.#.h.#
..... #h###h#
.... #.###.# ###
#$.##.#


You could see a phantom, a hound, a jackal and a friendly crimson imp
(summoned).

Vanquished Creatures
  A black bear (D:4)
  An adder (D:2)
  2 dart slugs (D:2)
  3 ball pythons
  3 bats
  4 endoplasms
  A giant cockroach (D:2)
  3 goblins (D:1)
  6 hobgoblins
  4 jackals (D:2)
  4 kobolds
  A quokka (D:2)
  3 frilled lizards
  2 rats
38 creatures vanquished.

Vanquished Creatures (collateral kills)
  A jackal (D:4)
1 creature vanquished.

Grand Total: 39 creatures vanquished

Notes
Turn   | Place    | Note
-------+----------+-------------------------------------------
     0 | D:1      | pokeman the Deep Elf Hedge Wizard began the quest for the
                  | Orb.
     0 | D:1      | Reached XP level 1. HP: 10/10 MP: 7/7
   227 | D:1      | Reached XP level 2. HP: 16/16 MP: 5/9
   581 | D:1      | Found a faded altar of an unknown god.
  1052 | D:2      | Reached skill level 5 in Spellcasting
  1187 | D:2      | Reached XP level 3. HP: 20/20 MP: 4/11
  1191 | D:2      | Learned a level 3 spell: Mephitic Cloud
  1194 | D:2      | Learned a level 2 spell: Call Imp
  1197 | D:2      | Learned a level 2 spell: Blink
  1201 | D:2      | Learned a level 3 spell: Conjure Flame
  1717 | D:2      | Reached skill level 1 in Armour
  1754 | D:2      | Reached skill level 1 in Fighting
  1786 | D:2      | You fall into a shaft and drop 2 floors!
  1786 | D:4      | Noticed a black bear
  1822 | D:4      | Killed a black bear
  1823 | D:4      | Reached skill level 6 in Spellcasting
  1823 | D:4      | Reached skill level 1 in Fire Magic
  1823 | D:4      | Reached XP level 4. HP: 14/25 MP: 1/14
  1823 | D:4      | Reached XP level 5. HP: 16/29 MP: 1/15
  1836 | D:4      | Noticed a phantom
  1836 | D:4      | HP: 1/29 [hound (4)]
  1840 | D:4      | Slain by a hound

Illustrated notes

Levels and vault maps discovered:
D:1:      wander_arrival_chamber, layout_basic, basic_ecumenical_altar
D:2:      layout_rooms
D:4:      layout_basic, gammafunk_ghost_stat_death

Skill      XL: |  1  2  3 |
---------------+----------+-----
Spellcasting   | 5 6 |  6.1
Armour         | 1 |  1.0
Fighting       | 1 |  1.0
Conjurations   | 2 |  2.5
Dodging        | 3 |  3.0
Fire Magic     | 1 |  1.2
Stealth        | |  2.4
Summonings     | |  1.1
Translocations | |  1.1

Action                   |  1- 3 |  4- 6 || total
-------------------------+-------+-------++-------
Melee: Dagger            |    21 |     7 ||    28
 Cast: Magic Dart        |    82 |       ||    82
       Blink             |     3 |       ||     3
       Conjure Flame     |     2 |       ||     2
       Call Imp          |       |     1 ||     1
Armor: Robe              |     4 |       ||     4
       Leather armour    |     8 |     1 ||     9
Dodge: Dodged            |    26 |     5 ||    31

Table legend: (Time is in decaauts)
 A = Elapsed time spent in this place.
 B = Non-inter-level travel time spent in this place.
 C = Inter-level travel time spent in this place.
 D = Time resting spent in this place.
 E = Time spent auto-exploring this place.
 F = Levels seen in this place.
 G = Mean time per level.
                   A        B        C        D        E       F      G
               +--------+--------+--------+--------+--------+-----+--------+
         Total |   1839 |   1789 |     50 |    177 |   1344 |   3 |  613.0 |
       Dungeon |   1839 |   1789 |     50 |    177 |   1344 |   3 |  613.0 |
               +--------+--------+--------+--------+--------+-----+--------+

Top non-repeatable levels by time:
     D:1: 996 daAuts
     D:2: 788 daAuts
     D:4: 53 daAuts
